AoeStats
← Khirs

Arabia

507517958Analyzed
4v4 RM · 13d ago on Sep 18, 2026· 24m 51s· 8 players
Game mode
Random Map
Map size
Large (8 player)
Population
200
Speed
Normal
Resources
Standard
Victory
Conquest
Starting age
Dark Age
Ending age
Imperial Age
RankedLock teamsTeams togetherTeam positionsShared explorationLock speedFull tech treeHidden civsTurbo modeCheats
Victory
Defeat
🇨🇭 Slavs · Switzerland
845
+14
🇩🇪 Mongols · Germany
840
+14
🇮🇹 Burgundians · Italy
827
+15
🇩🇪 Maya · Germany
821
+15
🇪🇸 Vietnamese · Spain
862
-16
🇺🇸 Huns · United States
785
-14
🇪🇸 Inca · Spain
779
-14
🇩🇪 Celts · Germany
778
-14
Renju94
4:47 Loom
7:35 Double-Bit Axe
11:37 Feudal Age
13:20 Bow Saw
16:10 Forging
23:10 Castle Age
21:23 Gold Mining
21:34 Horse Collar
22:00 Fletching
23:23 Gold Shaft Mining
23:05 Padded Archer Armor
24:07 Bodkin Arrow
Nino
0:32 Loom
12:00 Feudal Age
13:58 Double-Bit Axe
19:46 Castle Age
20:14 Scale Mail Armor
20:25 Forging
20:42 Eagle Warrior
21:34 Horse Collar
21:50 Gold Mining
22:51 Squires
Hoodie Melo
8:35 Loom
10:20 Feudal Age
11:19 Double-Bit Axe
13:32 Horse Collar
16:25 Castle Age
17:33 Town Watch
18:23 Wheelbarrow
18:05 Bow Saw
19:09 Fletching
19:34 Bloodlines
19:28 Husbandry
19:39 Heavy Plow
21:31 Padded Archer Armor
22:42 Scale Barding Armor
23:46 Forging
24:51 Bodkin Arrow
Internet User
0:27 Loom
1:54 Loom
11:19 Feudal Age
18:33 Castle Age
16:28 Horse Collar
17:02 Man-at-Arms
20:09 Town Watch
20:17 Double-Bit Axe
20:07 Long Swordsman
20:50 Squires
21:52 Scale Mail Armor
22:58 Stone Mining
25:06 Forging
25:11 Chain Mail Armor
Khirs
0:41 Loom
13:20 Feudal Age
15:44 Gold Mining
15:51 Horse Collar
15:58 Double-Bit Axe
23:33 Castle Age
21:59 Fletching
21:44 Champi Runner
23:39 Crossbowman
25:03 Heavy Plow
25:15 Bow Saw
xxnz6821
13:40 Feudal Age
15:00 Wheelbarrow
14:13 Double-Bit Axe
14:10 Horse Collar
14:23 Stone Mining
15:17 Man-at-Arms
15:43 Arson
17:07 Gold Mining
18:43 Scale Mail Armor
21:20 Forging
24:40 Castle Age
kikekalimar
12:35 Feudal Age
14:18 Wheelbarrow
13:29 Double-Bit Axe
14:06 Gold Mining
17:37 Loom
20:25 Man-at-Arms
22:29 Stone Mining
CouthTortoise40
0:43 Loom
Connection lost

Rejoining the realm…

Still unreachable

The connection could not be restored.

Session expired

The server has moved on; the page needs a fresh start.